 Dungeon Crawl Stone Soup version 0.30.0-30-g96aa6591b8 (webtiles) character file.

Game seed: 168600401471102942

19588 Bnni the Covert (level 12, 0/144 HPs)
             Began as a Vine Stalker Brigand on June 25, 2023.
             Was a Follower of Uskayaw.
             Succumbed to a cane toad's poison
             ... on level 1 of the Lair of Beasts on June 26, 2023.
             The game lasted 01:15:36 (9591 turns).

Bnni the Covert (Vine Stalker Brigand)              Turns: 9591, Time: 01:15:37

Health: 0/144      AC: 26    Str: 24    XL:     12   Next: 70%
Magic:  1/21       EV:  2    Int: 11    God:    Uskayaw [*.....]
Gold:   527        SH: 10    Dex: 17    Spells: 11/11 levels left

rFire   . . .        y - +4 short sword
rCold   . . .        L - +0 kite shield
rNeg    . . .        Q - melded +0 plate armour
rPois   +            (helmet currently unavailable)
rElec   .            M - melded +2 cloak {Stlth+}
rCorr   +            h - melded +0 pair of gloves
SInv    .            t - melded +0 pair of boots
Will    +....        p - amulet of faith Stlth
                     k - ring of resist corrosion
HPRegen 1.24/turn    U - +6 ring of strength
MPRegen 0.17/turn

%: guardian spirit, faith
@: berserking, lethally poisoned (0 -> -2), tree-form, very quick
A: stationary, stasis, torment immunity, boosted hp, (fangs 3), regeneration 1,
magic shield, (antimagic bite), no potion heal 2
a: Renounce Religion, Stomp


You were on level 1 of the Lair of Beasts.
You worshipped Uskayaw.
Uskayaw was aware of your devotion.
You were a tree.
You visited 2 branches of the dungeon, and saw 14 of its levels.

You collected 751 gold pieces.
You spent 224 gold pieces at shops.

Inventory:

Hand Weapons
 e - a +4 scimitar of flaming
 w - the +4 mace of Valour {flame, rElec rF+ rN+ Dex+3}
   (You found it on level 4 of the Dungeon)

   Dex:       It affects your dexterity (+3).
   rF:        It protects you from fire.
   rElec:     It insulates you from electricity.
   rN:        It protects you from negative energy.
 y - a +4 short sword (weapon)
 N - a +4 dagger of chaos
Missiles
 d - 27 poisoned darts (quivered)
 n - 5 boomerangs
 D - 4 curare-tipped darts
 H - 2 datura-tipped darts
 K - 6 atropa-tipped darts
Armour
 h - a +0 pair of gloves (melded)
 t - a +0 pair of boots (melded)
 L - a +0 kite shield (worn)
 M - a +2 cloak of stealth (melded)
 Q - a +0 plate armour (melded)
Jewellery
 k - a ring of resist corrosion (left branch)
 p - an amulet of faith (around neck)
 U - a +6 ring of strength (right branch)
Wands
 a - a wand of mindburst (13)
 g - a wand of flame (28)
 v - a wand of paralysis (12)
 R - a wand of acid (5)
 S - a wand of digging (4)
Scrolls
 b - 2 scrolls of enchant armour
 i - 6 scrolls of teleportation
 o - a scroll of poison
 q - 2 scrolls of fog
 r - 3 scrolls of fear
 s - 2 scrolls of brand weapon
 x - 2 scrolls of immolation
 A - a scroll of amnesia
 E - 2 scrolls of vulnerability
 G - a scroll of magic mapping
 J - 2 scrolls of identify
 P - a scroll of enchant weapon
 T - 2 scrolls of blinking
Potions
 c - 3 potions of brilliance
 f - 3 potions of might
 j - 2 potions of haste
 l - 2 potions of lignification
 m - 3 potions of flight
 u - 2 potions of attraction
 z - a potion of invisibility
 B - 2 potions of resistance
 F - 2 potions of mutation
 I - a potion of ambrosia
 O - a potion of berserk rage


   Skills:
 + Level 7.8 Fighting
 - Level 10.0 Short Blades
 + Level 3.8 Throwing
 - Level 0.7 Dodging
 + Level 11.9 Stealth
 + Level 6.0 Shields
 * Level 11.1 Invocations


You had 11 spell levels left.
You didn't know any spells.
Your spell library contained the following spells:

 Spells                   Type           Power      Damage    Failure   Level
 Kiss of Death            Conj/Necr      0%         2d5       56%         1
 Magic Dart               Conj           0%         1d3       56%         1
 Summon Small Mammal      Summ           0%         N/A       56%         1
 Call Imp                 Summ           0%         N/A       71%         2
 Cigotuvi's Dreadful Rot  Necr/Pois/Air  0%         N/A       71%         2
 Sublimation of Blood     Necr           0%         N/A       71%         2
 Call Canine Familiar     Summ           0%         N/A       91%         3
 Confusing Touch          Hex            0%         N/A       91%         3
 Hailstorm                Conj/Ice       0%         3d3       91%         3
 Ignite Poison            Fire/Tmut/Pois 0%         N/A       91%         3
 Mephitic Cloud           Conj/Pois/Air  0%         N/A       91%         3
 Portal Projectile        Hex/Tloc       0%         N/A       91%         3
 Summon Guardian Golem    Hex/Summ       0%         N/A       91%         3
 Dispel Undead            Necr           0%         3d6       100%        4
 Ice Form                 Ice/Tmut       0%         N/A       100%        4
 Leda's Liquefaction      Hex/Erth       0%         N/A       100%        4
 Petrify                  Tmut/Erth      0%         N/A       100%        4
 Summon Ice Beast         Ice/Summ       0%         N/A       100%        4
 Freezing Cloud           Conj/Ice/Air   0%         6-21      100%        5
 Irradiate                Conj/Tmut      0%         3d11      100%        5
 Summon Mana Viper        Hex/Summ       0%         N/A       100%        5
 Simulacrum               Ice/Necr       0%         N/A       100%        6
 Monstrous Menagerie      Summ           0%         N/A       100%        7


Dungeon Overview and Level Annotations

Branches:
Dungeon (13/15)            Temple (0/1) D:7            Lair (1/5) D:11
    Orc (0/2) D:12
 Vaults: D:13-14

Altars:
Cheibriados
Dithmenos
Fedhas
Hepliaklqana
Kikubaaqudgha
Makhleb
Okawaru
Qazlal
Ru
Uskayaw
Vehumet
Wu Jian
Xom
Yredelemnul
Zin
The Shining One

Shops:
D:3 *   D:6 (:   D:9 *?(*   D:10 *

Portals:
Trove: D:11 (give 5 potions of resistance)


Innate Abilities, Weirdness & Mutations

You are a tree.
Your roots penetrate the ground, keeping you stationary.
You cannot be teleported.
You are immune to unholy pain and torment.
Your maximum health is greatly increased.
Your equipment is partially melded.
((You have razor-sharp teeth.))
Your natural rate of healing is unusually fast.
When hurt, damage is shared between your health and your magic reserves.
((Your bite disrupts and absorbs the magic of your enemies.))
Potions cannot restore your health.


Message History

The cane toad stings you but does no damage.
You barely miss the cane toad. Your bite misses the cane toad.
The cane toad is heavily wounded.
You feel very sick. The cane toad stings you!
* * * LOW HITPOINT WARNING * * *
Aiming: Line Pass
Press: ? - help, Dir - move target The cane toad appears confused.
You can no longer pass through a line of other dancers.
* * * LOW HITPOINT WARNING * * *
You feel very sick. The cane toad stings you!
* * * LOW HITPOINT WARNING * * *
You are more poisoned.
The cane toad poisons you!
Your system rejects the healing.
You feel better.
The cane toad seems less confused.
The cane toad stings you.
* * * LOW HITPOINT WARNING * * *
You are lethally poisoned!
The cane toad poisons you!
The cane toad stings you but does no damage.
Really quaff the potion of lignification?
You turn into a tree.
Your +2 cloak of stealth melds into your body.
Your +0 pair of gloves melds into your body.
Your +0 pair of boots melds into your body.
Your +0 plate armour melds into your body.
You feel less stealthy.
Your roots penetrate the ground.
* * * LOW HITPOINT WARNING * * *
You feel very sick. You block the cane toad's attack.
A red film seems to cover your vision as you go berserk!
You feel yourself moving faster!
You feel mighty!
* * * LOW HITPOINT WARNING * * *
You feel very sick. You block the cane toad's attack.
You puncture the cane toad!
The cane toad is severely wounded.
You die...

#..###.....##
##..# #.###.#
....###.P#..####
.##..............
# #.#####.##.###
#. #.# # #.##
#.F# #♣#.. #.##.#
#........#.#
##.#..#..# #
........ #.##
##### #


You could see a cane toad.

Vanquished Creatures
  Azrael (D:12)
  4 death yaks (Lair:1)
  The ghost of Voland the Zephyrmancer, a journeyman TeAE of Sif Muna (D:9)
  Sonja (D:12)
  A death drake (shapeshifter) (D:12)
  A deep elf pyromancer (D:12)
  2 ugly things (D:12)
  An oklob plant (D:11)
  A manticore (D:11)
  Maurice (D:8)
  Psyche (D:8)
  An unseen horror (D:11)
  A cane toad (Lair:1)
  A kobold demonologist (D:11)
  5 trolls
  The ghost of MrAu the Poker, an amateur MiGl (D:4)
  A hornet (D:7)
  3 slime creatures (D:12)
  3 wraiths
  3 shadows
  24 yaks
  A basilisk (D:11)
  4 fire elementals
  3 vampire mosquitoes (D:12)
  2 acid dragons
  2 water moccasins
  2 hell hounds (D:12)
  A sky beast (D:6)
  3 orc warriors
  A black bear (D:6)
  2 ice beasts
  An ogre (D:5)
  2 kobold brigands
  3 bullfrogs
  2 scorpions
  7 gnoll sergeants
  7 wights
  4 killer bees (D:11)
  3 howler monkeys
  2 quasits (D:4)
  A gnoll bouda (D:6)
  6 hounds
  2 jellies
  4 orc priests
  3 sleepcaps
  Natasha (thrice) (D:2)
  3 iguanas
  3 orc wizards
  6 adders
  35 gnolls
  A shadow imp (D:7)
  A white imp (D:6)
  An ufetubus (D:6)
  3 worms (D:2)
  5 dart slugs
  36 orcs
  8 ball pythons
  7 bats
  9 endoplasms
  A giant cockroach (D:4)
  6 goblins
  6 hobgoblins
  5 jackals
  3 quokkas
  9 kobolds
  8 rats
285 creatures vanquished.

Vanquished Creatures (collateral kills)
  A yak (D:10)
  2 killer bees (D:11)
  A gnoll (D:10)
  A kobold (D:10)
5 creatures vanquished.

Vanquished Creatures (others)
  A manticore zombie (D:11)
1 creature vanquished.

Grand Total: 291 creatures vanquished

Notes
Turn   | Place    | Note
-------+----------+-------------------------------------------
     0 | D:1      | Bnni the Vine Stalker Brigand began the quest for the Orb.
     0 | D:1      | Reached XP level 1. HP: 11/11 MP: 2/2
    66 | D:1      | Reached skill level 5 in Stealth
    66 | D:1      | Reached XP level 2. HP: 15/15 MP: 3/3
   398 | D:1      | Reached XP level 3. HP: 18/18 MP: 4/4
   461 | D:1      | Found a faded altar of an unknown god.
   784 | D:2      | Gained mutation: Your natural rate of healing is unusually
                  | fast. [Vine Stalker growth]
   784 | D:2      | Reached XP level 4. HP: 15/23 MP: 3/5
  1131 | D:2      | Noticed Natasha
  1143 | D:2      | Killed Natasha
  1189 | D:2      | Noticed Natasha
  1199 | D:2      | Killed Natasha
  1286 | D:2      | Reached XP level 5. HP: 27/27 MP: 6/6
  1445 | D:2      | Noticed Natasha
  1453 | D:2      | Killed Natasha
  1501 | D:3      | Found Kirapodo's Assorted Antiques.
  1515 | D:3      | Bought a scroll labelled COSABB GESSIP for 22 gold pieces
  1711 | D:3      | Reached XP level 6. HP: 31/32 MP: 7/7
  1926 | D:3      | Found a hide-covered altar of Uskayaw.
  1933 | D:3      | Became a worshipper of Uskayaw the Reveller
  1940 | D:3      | Found an iron altar of Okawaru.
  2086 | D:4      | Reached * piety under Uskayaw
  2091 | D:4      | Reached ** piety under Uskayaw
  2118 | D:4      | Found a transporter.
  2122 | D:4      | Noticed MrAu's ghost (amateur MiGl)
  2203 | D:4      | Reached skill level 1 in Invocations
  2211 | D:4      | Found a transporter.
  2286 | D:4      | Identified the +4 mace of Valour {flame, rElec rF+ rN+
                  | Dex+3}
  2340 | D:4      | Reached *** piety under Uskayaw
  2343 | D:4      | Reached **** piety under Uskayaw
  2624 | D:4      | Reached XP level 7. HP: 36/36 MP: 9/9
  2807 | D:4      | Killed MrAu's ghost
  2808 | D:4      | Reached skill level 5 in Short Blades
  2813 | D:4      | Reached ***** piety under Uskayaw
  2878 | D:5      | Entered Level 5 of the Dungeon
  2902 | D:5      | Found a shadowy altar of Dithmenos.
  2988 | D:5      | Gained mutation: You have razor-sharp teeth. [Vine Stalker
                  | growth]
  2988 | D:5      | Reached XP level 8. HP: 31/42 MP: 6/11
  3502 | D:6      | Reached skill level 1 in Shields
  3667 | D:6      | Found an ornate altar of the Wu Jian Council.
  3689 | D:6      | Reached skill level 5 in Invocations
  3712 | D:6      | Found Mefoil's Book Shoppe.
  3725 | D:6      | Reached XP level 9. HP: 46/46 MP: 13/13
  3765 | D:6      | HP: 3/69 [water moccasin (1)]
  3891 | D:6      | Found Viahop's Antique Weapon Boutique.
  4147 | D:6      | Found a basalt altar of Yredelemnul.
  4301 | D:7      | Noticed a hornet
  4308 | D:7      | Killed a hornet
  4309 | D:7      | Reached skill level 5 in Fighting
  4432 | D:7      | Found a shimmering altar of Xom.
  4539 | D:7      | Found a staircase to the Ecumenical Temple.
  4743 | D:7      | Found a blossoming altar of Fedhas.
  4743 | D:7      | Found an ancient bone altar of Kikubaaqudgha.
  4750 | D:7      | Found a stormy altar of Qazlal.
  4752 | D:7      | Found a glowing golden altar of the Shining One.
  4754 | D:7      | Found a glowing silver altar of Zin.
  5015 | D:8      | Reached XP level 10. HP: 38/51 MP: 12/16
  5032 | D:8      | Reached ****** piety under Uskayaw
  5211 | D:8      | Noticed Maurice
  5221 | D:8      | Killed Maurice
  5251 | D:8      | Noticed Psyche
  5266 | D:8      | Killed Psyche
  5527 | D:8      | Found a hazy altar of Hepliaklqana.
  5571 | D:9      | Found Mat Bor's General Store.
  5670 | D:9      | Bought a potion of curing for 36 gold pieces
  5689 | D:9      | Found Zilarchae's Weapon Shoppe.
  5735 | D:9      | Bought 6 atropa-tipped darts for 91 gold pieces
  5755 | D:9      | Found Tawkis's Magic Scroll Shop.
  5761 | D:9      | Bought a scroll of blinking for 75 gold pieces
  5769 | D:9      | Found a snail-covered altar of Cheibriados.
  5774 | D:9      | Found a sacrificial altar of Ru.
  5774 | D:9      | Found a radiant altar of Vehumet.
  5792 | D:9      | Found a runed translucent gate.
  5792 | D:9      | Found a runed translucent gate.
  5792 | D:9      | Found a runed translucent gate.
  5794 | D:9      | Noticed Voland's ghost (journeyman TeAE)
  5814 | D:9      | Killed Voland's ghost
  6080 | D:9      | Found Ysawk's General Store.
  6126 | D:10     | Entered Level 10 of the Dungeon
  6166 | D:10     | Reached XP level 11. HP: 50/56 MP: 15/18
  6317 | D:10     | Found a burning altar of Makhleb.
  6339 | D:10     | Identified the +0 scale mail of the Fresh God {Int+3}
  6450 | D:10     | Reached skill level 10 in Stealth
  6576 | D:10     | Found Ononwuha's Fire Supplies.
  7223 | D:11     | Found a staircase to the Lair.
  7397 | D:11     | Reached skill level 5 in Shields
  7416 | D:11     | Found a portal to a secret trove of treasure.
  7576 | D:11     | Noticed an oklob plant
  7594 | D:11     | Killed an oklob plant
  7657 | D:11     | Noticed a manticore
  7670 | D:11     | Killed a manticore
  8062 | D:11     | Upgraded the game from 0.30.0-29-ga12c61a403 to
                  | 0.30.0-30-g96aa6591b8
  8069 | D:12     | Found a staircase to the Orcish Mines.
  8177 | D:12     | Reached skill level 10 in Short Blades
  8242 | D:12     | a slime creature changed into a glowing shapeshifter
  8242 | D:12     | Noticed a glowing shapeshifter (glowing shapeshifter)
  8242 | D:12     | a glowing shapeshifter changed into a death drake
  8242 | D:12     | Noticed a death drake (glowing shapeshifter)
  8249 | D:12     | Killed a death drake
  8250 | D:12     | Reached skill level 10 in Invocations
  8250 | D:12     | Reached XP level 12. HP: 36/63 MP: 16/20
  8809 | D:12     | Noticed Azrael
  9033 | D:12     | Killed Azrael
  9192 | D:13     | Noticed Sonja
  9198 | D:13     | Noticed a tengu warrior
  9207 | D:12     | HP: 1/63 [poisoned by Sonja]
  9212 | D:12     | HP: 2/63 [poisoned by Sonja]
  9215 | D:12     | Killed Sonja
  9350 | Lair:1   | Entered Level 1 of the Lair of Beasts
  9366 | Lair:1   | Noticed a death yak
  9377 | Lair:1   | Noticed a death yak
  9377 | Lair:1   | Noticed a death yak
  9384 | Lair:1   | Noticed a death yak
  9387 | Lair:1   | Killed a death yak
  9419 | Lair:1   | Killed a death yak
  9421 | Lair:1   | Killed a death yak
  9428 | Lair:1   | Killed a death yak
  9585 | Lair:1   | HP: 2/64 [cane toad (6)]
  9590 | Lair:1   | HP: 1/144 [poisoned by a cane toad]
  9591 | Lair:1   | Succumbed to a cane toad's poison

Illustrated notes

Levels and vault maps discovered:
D:1:      onia_arrival_pentagram, layout_basic,
          hellmonk_ecumenical_altar_leap_of_faith
D:2:      layout_basic, minivault_24, minmay_circle_x, uniq_natasha
D:3:      layout_rooms, amethyst_overflow_temple_binary, serial_shops, shop,
          hangedman_decor_push, hangedman_decor_slide_cut, serial_park_tiny_pond
D:4:      layout_loops_ring, gammafunk_ghost_stat_death
D:5:      layout_layer_cave, grunt_dithmenos_smoke_and_mirrors,
          serial_bayou_lagoon_b
D:6:      layout_cave_pools, old_standard_altar, mainiacjoe_overflow_brackets,
          serial_shops, shop, nicolae_shop_behind_doors
D:7:      layout_basic, lemuel_crystal_altar,
          chequers_temple_overflow_minitemple, minmay_temple_entry_large_hall,
          serial_bayou_lagoon_a
D:8:      layout_basic, mainiacjoe_overflow_alcove_1, roderic_roman_lattice,
          solitary_fountain, uniq_maurice, uniq_psyche
D:9:      layout_rooms, chequers_temple_overflow_statue_of_worship,
          serial_shops, nicolae_shop_bloodbath_and_beyond, shop, shop,
          kennysheep_little_box, ebering_ghost_rock_garden, glass_columns_a
D:10:     layout_irregular_city, general_overflow_altar, nicolae_shop_fire_sale
          [nicolae_sub_dead_trees]
D:11:     layout_stronghold, dpeg_oklobed_lair, enter_trove_2
D:12:     layout_big_octagon, orc_0_dummy, uniq_azrael
D:13:     layout_irregular_city, uniq_sonja, uniq_frances
Lair:1:   beast_lair_carwin_large_2, layout_loops_ring

Skill      XL: |  1  2  3  4  5  6  7  8  9 10 11 12 |
---------------+-------------------------------------+-----
Short Blades   | 2 3 4 5 6 7 8 10 | 10.0
Fighting       | 2 3 4 5 6 7 |  7.8
Stealth        | 5 6 7 8 9 11 | 11.9
Invocations    | 1 3 5 6 8 10 11 | 11.1
Shields        | 1 3 4 5 6 |  6.0
Throwing       | 2 3 |  3.8
Dodging        | |  0.7

Action                     |  1- 3 |  4- 6 |  7- 9 | 10-12 || total
---------------------------+-------+-------+-------+-------++-------
  Melee: Dagger            |    90 |    49 |       |   425 ||   564
         Bite              |    19 |    52 |   105 |   247 ||   423
         Punch             |     2 |     1 |     1 |       ||     4
         Short sword       |       |   135 |   306 |   195 ||   636
  Throw: Dart              |     3 |       |     1 |    19 ||    23
         Throwing net      |       |       |     1 |     3 ||     4
 Invoke: Line Pass         |       |       |       |     8 ||     8
         Grand Finale      |       |       |       |     1 ||     1
  Evoke: Wand              |       |       |       |    16 ||    16
    Use: Scroll            |       |    10 |     6 |     9 ||    25
         Potion            |       |       |     6 |     9 ||    15
   Stab: Sleeping          |     4 |       |       |     2 ||     6
         Paralysed         |       |     1 |    15 |    35 ||    51
         Held in net/web   |       |       |     1 |       ||     1
         Petrifying        |       |       |       |     2 ||     2
         Petrified         |       |       |       |     1 ||     1
         Confused          |       |       |       |     7 ||     7
 Armour: Robe              |     6 |       |       |       ||     6
         Chain mail        |    33 |    96 |   103 |    88 ||   320
         Skin              |       |       |    60 |       ||    60
         Plate armour      |       |       |       |   122 ||   122
  Dodge: Dodged            |    33 |    53 |    70 |    63 ||   219
  Block: Buckler           |       |       |    39 |    10 ||    49
         Kite shield       |       |       |       |   210 ||   210
